[Event "Early-Titled-Tuesday-Blitz-January-30-2024"]
[Site "Chess.com"]
[Date "2024.01.30"]
[Round "1"]
[White "AldokhinIvan"]
[Black "GoValya"]
[Result "1-0"]
[WhiteElo "2634"]
[BlackElo "2307"]
[TimeControl "180+1"]
[EndTime "8:08:09 PST"]
[Termination "AldokhinIvan won by resignation"]

1. e4 e6 2. d4 d5 3. Nc3 Nf6 4. e5 Nfd7 5. f4 c5 6. Nf3 a6 7. Be3 cxd4 8. Nxd4 Nc6 9. Qd2 Be7 10. Be2 Nxd4 11. Bxd4 f6 12. O-O O-O 13. exf6 Bxf6 14. Rae1 Bxd4+ 15. Qxd4 Qb6 16. Qxb6 Nxb6 17. Bd3 Bd7 18.
Ne2 Na4 19. b3 Nc5 20. Nd4 Rae8 21. Re5 g6 22. g3 Kg7 23. Rfe1 Kf6 24. Kf2 Rc8 25. Ke3 Rfe8 26. Nf3 Nxd3 27. cxd3 Rc2 28. Re2 Rec8 29. Nd4 Rxe2+ 30. Kxe2 Rc3 31. Kd2 Rc5 32. Re1 h6 33. Rc1 Rxc1 34. Kxc1 e5 35. Ne2 Kf5 36.
fxe5 Kxe5 37. Kd2 Bf5 38. Ke3 g5 39. Nd4 Bg6 40. Nf3+ Kd6 41. Kd4 b6 42. Ne5 Bf5 43. Nf7+ Ke7 44. Nxh6 Be6 45. Ke5 a5 46. h4 gxh4 47.
gxh4 b5 48. Nf5+ Kf7 49. h5 b4 50. Nd6+ Ke7 51. h6 Bg8 52. Nb7 a4 53. bxa4 d4 54. Na5 Kf7 55. Nc6 Kg6 56. Nxb4 Kxh6 57. a5 1-0

[Event "Early-Titled-Tuesday-Blitz-January-30-2024"]
[Site "Chess.com"]
[Date "2024.01.30"]
[Round "1"]
[White "salomez"]
[Black "marcodobrikov"]
[Result "1-0"]
[WhiteElo "2321"]
[BlackElo "2615"]
[TimeControl "180+1"]
[EndTime "8:08:10 PST"]
[Termination "salomez won by resignation"]

1. e4 c5 2. Nf3 g6 3. d4 cxd4 4. Nxd4 Nf6 5. Nc3 Bg7 6. Be2 Nc6 7. Nb3 O-O 8. O-O d5 9. exd5 Nb4 10. Bf3 Bf5 11. Nd4 Bc8 12. Nb3 Ne8 13. a3 Na6 14. Re1 Bd7 15. Bg5 Nf6 16. d6 e6 17. Bxb7 Qb6 18. Bxa8 Rxa8 19. Bxf6 Bxf6 20. Qf3 Qd8 21. Qb7 Qc8 22. Qxc8+ Rxc8 23. Re3 Nb8 24. Rd1 Kf8 25. Nd4 Ke8 26. Ne4 Bd8 27. f4 Nc6 28. Nxc6 Rxc6 29. Re2 Rb6 30. b4 Ra6 31. Nc5 Rxa3 32. Nxd7 Kxd7 33. c4 Rb3 34. c5 Rxb4 35. Ra2 a5 36. Rc2 Kc6 37. d7 Rxf4 38. Rd6+ Kc7 39. Ra6 Kxd7 40. c6+ Kc7 41. Ra7+ Kc8 42. c7 Bxc7 43.
Rcxc7+ Kb8 44. Rxf7 Re4 45. Rxa5 Re1+ 46. Kf2 Rb1 47.
Rxh7 Rb2+ 48. Kf3 Rb3+ 49. Ke4 Rb5 50. Rxb5+ 1-0

[Event "Early-Titled-Tuesday-Blitz-January-30-2024"]
[Site "Chess.com"]
[Date "2024.01.30"]
[Round "1"]
[White "deribas12345"]
[Black "WhiteKnight2612"]
[Result "1-0"]
[WhiteElo "2484"]
[BlackElo "2823"]
[TimeControl "180+1"]
[EndTime "8:08:11 PST"]
[Termination "deribas12345 won by resignation"]

1. d4 Nf6 2. c4 e6 3. Nc3 Bb4 4. a3 Bxc3+ 5. bxc3 c5 6. f3 d5 7. e3 O-O 8. Bd3 Qc7 9. cxd5 cxd4 10. Ne2 dxe3 11. dxe6 Bxe6 12. Bxe3 Nc6 13. O-O Rad8 14. Nd4 Nd5 15. Nxe6 fxe6 16. Bc5 Rf6 17. Qc2 Rh6 18. g3 Ne5 19. Bd4 Nxd3 20. Qxd3 e5 21. Bf2 Nxc3 22. Qc2 Rc6 23. Rae1 h6 24. Qb3+ Kh8 25. Re3 Rd2 26.
Rfe1 e4 27. Qb4 Qe5 28. Qxb7 Rc2 29. Qa8+ Kh7 30. Kg2 exf3+ 31. Kh1 Qd5 32. Re8 Rxf2 33. Rh8+ Kg6 34. Qe8+ Kg5 35. Re5+ Qxe5 36. Qxe5+ Kg6 37. Qe8+ Kg5 38. Qe7+ Rf6 39. Qxg7+ Kf5 40. Qd7+ Re6 41. Rf8+ Ke5 42. Qc7+ Kd4 43. Rd8+ Nd5 44. Qxa7+ Kd3 45. Qxf2 Re1+ 46. Qxe1 1-0

[Event "Early-Titled-Tuesday-Blitz-January-30-2024"]
[Site "Chess.com"]
[Date "2024.01.30"]
[Round "1"]
[White "EdmundPlayer"]
[Black "TimGrutter03"]
[Result "0-1"]
[WhiteElo "2260"]
[BlackElo "2609"]
[TimeControl "180+1"]
[EndTime "8:08:11 PST"]
[Termination "TimGrutter03 won by resignation"]

1. Nc3 Nc6 2. e4 d6 3. f4 g6 4. Nf3 Bg7 5. Bc4 e6 6. O-O Nge7 7. d3 Na5 8. Bb3 Nxb3 9. axb3 O-O 10. Be3 b6 11.
Qd2 Bb7 12. Rae1 c5 13. d4 cxd4 14. Bxd4 Bxd4+ 15. Nxd4 Nc6 16. Ndb5 Ba6 17. Rf2 d5 18. exd5 exd5 19. Nd4 Bb7 20. f5 Qh4 21. Rf4 Qg5 22. h4 Qh6 23. Nxc6 Bxc6 24. Ne2 Rfe8 25. g3 Re4 26.
Ref1 Bb5 27. c4 dxc4 28. Nc3 Rxf4 29. Rxf4 Bc6 30. bxc4 Re8 31. Nd5 Bxd5 32. cxd5 Qf8 33. d6 Rd8 34. Rd4 Qg7 35. d7 Qe5 36. Kf2 Qxf5+ 37.
Rf4 Qxd7 38. Qxd7 Rxd7 39. Ke3 Kg7 40. Rb4 h5 41. Ra4 Kf6 42. Ra6 Ke5 43. b3 f5 44.
Ra4 Rc7 45. Rb4 Rc3+ 46. Kf2 Kd5 47. Kg2 Kc5 48. Ra4 a5 49. Ra1 Rxb3 50. Re1 Rd3 51. Re6 Rd6 52. Re7 a4 53. Rc7+ Kb4 54. Ra7 a3 55.
Kf3 b5 56. Ke3 Kb3 57. Ra6 Rxa6 0-1

[Event "Early-Titled-Tuesday-Blitz-January-30-2024"]
[Site "Chess.com"]
[Date "2024.01.30"]
[Round "1"]
[White "falzehope0"]
[Black "jk13"]
[Result "0-1"]
[WhiteElo "2376"]
[BlackElo "2698"]
[TimeControl "180+1"]
[EndTime "8:08:12 PST"]
[Termination "jk13 won by checkmate"]

1. d4 Nf6 2. e3 e6 3. Bd3 d5 4. f4 b6 5. c3 Be7 6. Nf3 O-O 7.
O-O Ba6 8. Bxa6 Nxa6 9. Nbd2 c5 10. Ne5 Nb8 11. Qf3 Qc7 12. g4 Nc6 13. g5 Nd7 14.
Qh5 f6 15. g6 h6 16. Nf7 Rfe8 17. Nxh6+ gxh6 18. Qxh6 Nf8 19. Rf3 Bd6 20. g7 Re7 21.
Qh8+ Kf7 22. Rg3 Ng6 23. Rxg6 Kxg6 24. g8=Q+ Rxg8 25. Qxg8+ Rg7 26. Qe8+ Qf7 27. Qxf7+ Kxf7+ 28. Kf1 Rh7 29. Nf3 Ne7 30. Bd2 Nf5 31. Kg2 Rg7+ 32. Kf2 Rh7 33. Rg1 Bf8 34. Rg2 Nd6 35. Be1 Ne4+ 36. Ke2 Be7 37. Nd2 Nd6 38. Kd3 f5 39. b3 Bf6 40. Nf3 Ne4 41. Ne5+ Bxe5 42. dxe5 Rh3 43.
c4 Rf3 44. cxd5 exd5 45. Ke2 Rh3 46. Kd3 b5 47. Ke2 b4 48. Kd3 a5 49. Bd2 Rh6 50.
Be1 Rc6 51. Bd2 c4+ 52. bxc4 dxc4+ 53. Ke2 c3 54. Bc1 Rc8 55. Kd3 a4 56. Rg1 b3 57.
axb3 axb3 58. Rg2 Rb8 59. Ke2 b2 60. Bxb2 cxb2 61. Rg1 b1=Q 62. Rxb1 Rxb1 63. Kf3 Rb2 64. h4 Rf2# 0-1

[Event "Early-Titled-Tuesday-Blitz-January-30-2024"]
[Site "Chess.com"]
[Date "2024.01.30"]
[Round "1"]
[White "BestStelker"]
[Black "MaxLeto"]
[Result "1-0"]
[WhiteElo "2678"]
[BlackElo "2355"]
[TimeControl "180+1"]
[EndTime "8:08:13 PST"]
[Termination "BestStelker won by checkmate"]

1. Nf3 d5 2. c4 c6 3. g3 Nf6 4.
Bg2 Bf5 5. O-O e6 6. d3 h6 7. Nc3 Bh7 8. cxd5 exd5 9. e4 Be7 10. e5 Nfd7 11. Re1 Nc5 12. d4 Nd3 13. Re3 Nxc1 14.
Rxc1 O-O 15. Ne1 Na6 16. f4 Nc7 17. Nd3 Ne6 18. Ne1 Qb6 19. Nf3 Qxb2 20. Bh3 Qb6 21.
Ne2 Rad8 22. Kg2 Be4 23. Kg1 c5 24. Rb3 Qa6 25. Nd2 Bd3 26. Bf1 c4 27. Rxd3 cxd3 28.
Nc3 Nxd4 29. Nf3 Bc5 30. Kg2 Nxf3 31. Qxf3 d2 32. Rd1 Qa3 33. Rxd2 Bb4 34. Rd3 d4 35. Ne4 Qxa2+ 36. Kh1 Bc3 37. Qg4 Qd5 38. Bg2 Kh8 39. Nf6 Qb5 40. Rd1 gxf6 41. Qf5 fxe5 42. Be4 Kg7 43.
fxe5 Rh8 44. Qf6+ Kg8 45. Qxd8+ Kg7 46. Qf6+ Kg8 47. Rf1 Qd7 48. e6 Qxe6 49. Qd8+ Kg7 50. Qh4 d3 51. Qf4 Bd4 52. Bxd3 Qd5+ 53. Be4 Qe5 54.
Qxf7# 1-0

[Event "Early-Titled-Tuesday-Blitz-January-30-2024"]
[Site "Chess.com"]
[Date "2024.01.30"]
[Round "1"]
[White "RCone"]
[Black "Evgeny81"]
[Result "0-1"]
[WhiteElo "2414"]
[BlackElo "2754"]
[TimeControl "180+1"]
[EndTime "8:08:14 PST"]
[Termination "Evgeny81 won on time"]

1. e4 c5 2. Nc3 g6 3. d4 Bg7 4.
dxc5 Qa5 5. Bd2 Qxc5 6. Nd5 a5 7.
b4 Qd6 8. bxa5 Nc6 9. Nb6 Rb8 10. Rb1 Nf6 11. Bd3 Ne5 12. Bb4 Qc6 13. Nf3 Nxe4 14. Nxe5 Bxe5 15. O-O Nc3 16. Qe1 Bf6 17. Rb3 Nxa2 18.
Be4 Qe6 19. Bc5 d6 20. Ba3 O-O 21. Qd2 Qxe4 22. c3 Be6 23. Qxa2 Bxb3 24. Qxb3 Rfd8 25.
Bb4 Qd3 26. f3 Qe3+ 27. Kh1 e6 28. Rd1 d5 29. Qc2 d4 30. c4 d3 31. Qd2 Qxd2 32. Bxd2 h5 33. Kg1 Bd4+ 34. Kf1 Bxb6 35. axb6 Ra8 36. c5 Rdc8 37. Be3 Ra3 38. Kf2 f6 39. f4 Kf7 40. Kf3 e5 41. fxe5 fxe5 42.
Ke4 Ke6 43. Rxd3 Rxd3 44. Kxd3 Kd5 45. h4 Rxc5 46. Bxc5 Kxc5 47. Ke4 Kxb6 48. Kxe5 Kc5 49. Kf6 b5 50. Kxg6 b4 51. g4 b3 52. gxh5 b2 53. h6 b1=Q+ 54. Kg7 Qb2+ 55. Kg8 Qg2+ 56. Kf7 Qf3+ 57. Kg7 Qg4+ 0-1

[Event "Early-Titled-Tuesday-Blitz-January-30-2024"]
[Site "Chess.com"]
[Date "2024.01.30"]
[Round "1"]
[White "Chernobay_Artem"]
[Black "Karina_Ivanova"]
[Result "1-0"]
[WhiteElo "2620"]
[BlackElo "2282"]
[TimeControl "180+1"]
[EndTime "8:08:14 PST"]
[Termination "Chernobay_Artem won on time"]

1. d4 Nf6 2. c4 e6 3. Nf3 b6 4. g3 Bb7 5. Bg2 Be7 6. O-O O-O 7. d5 exd5 8. Nh4 c6 9. cxd5 Nxd5 10. Nf5 Nc7 11.
e4 d5 12. Nc3 Nd7 13. exd5 Nxd5 14. Nxd5 cxd5 15. Bxd5 Bxd5 16. Qxd5 Bf6 17. Rd1 Nc5 18. Nd6 Qd7 19. Be3 Ne6 20. Rd2 Rad8 21. Rad1 g6 22. b3 Bg7 23. h4 h5 24. Qf3 Qe7 25. Qc6 Qc7 26. Qxc7 Nxc7 27. Bg5 Rd7 28. Ne4 Rxd2 29. Rxd2 Ne6 30. Be7 Rc8 31. Rd7 Rc7 32. Rxc7 Nxc7 33. Kg2 Nd5 34. Bg5 Kf8 35. Kf3 Ke8 36. Nd6+ Kf8 37.
a4 Be5 38. Nc4 Bb8 39. Ke4 Ne7 40. Bf6 Ke8 41. Be5 Bxe5 42. Kxe5 Kd7 43. Kf6 Ke8 44.
Nd6+ Kf8 45. Ke5 Nc6+ 46. Kd5 Na5 47. b4 Nb3 48. Kc6 Nd4+ 49. Kb7 a5 50. b5 1-0

[Event "Early-Titled-Tuesday-Blitz-January-30-2024"]
[Site "Chess.com"]
[Date "2024.01.30"]
[Round "1"]
[White "PabloZarnicki"]
[Black "lacafi"]
[Result "0-1"]
[WhiteElo "2578"]
[BlackElo "2238"]
[TimeControl "180+1"]
[EndTime "8:08:14 PST"]
[Termination "lacafi won on time"]

1. e4 c6 2. d4 d5 3. e5 Bf5 4. Nf3 e6 5. Be2 Nd7 6. O-O Ne7 7. Nh4 Qc7 8. Nxf5 Nxf5 9. g4 Ne7 10. f4 g6 11. Be3 O-O-O 12. c3 h5 13. g5 Nf5 14. Bf2 c5 15. Nd2 Qb6 16. Nb3 cxd4 17. cxd4 Kb8 18. a4 Rc8 19. a5 Qb4 20. Be1 Qe7 21. Rc1 Bg7 22. Qd3 a6 23. Bf2 Rxc1 24. Rxc1 Rc8 25.
Rxc8+ Kxc8 26. Nc5 Nxc5 27. dxc5 Qc7 28. b4 Qc6 29.
Qb3 Bf8 30. b5 axb5 31. Bxb5 Qc7 32. Qb4 d4 33. a6 Bxc5 34. axb7+ Kb8 35. Qa4 Ba7 36. Bf1 Ne3 37. Bxe3 dxe3 38. Qe8+ Kxb7 39. Bg2+ Kb6 40. Bf3 Qc1+ 41. Kg2 Qd2+ 42. Kh3 Qf2 43. Qc6+ Ka5 44. Qc3+ Kb6 45. Qb3+ Kc7 46. Qb7+ Kd8 47. Qa8+ Ke7 48. Qxa7+ Kf8 49. Qa8+ Kg7 50. Qe4 Kh7 51. Qb7 Kg7 52. Bc6 Qxf4 53. Be8 e2 0-1

[Event "Early-Titled-Tuesday-Blitz-January-30-2024"]
[Site "Chess.com"]
[Date "2024.01.30"]
[Round "1"]
[White "jcibarra"]
[Black "kecalk"]
[Result "1/2-1/2"]
[WhiteElo "2856"]
[BlackElo "2505"]
[TimeControl "180+1"]
[EndTime "8:08:15 PST"]
[Termination "Game drawn - insufficient material"]

1. e4 e5 2. Nf3 Nc6 3. Bb5 a6 4. Bxc6 dxc6 5. O-O Qf6 6. d4 exd4 7. Bg5 Qd6 8. Nxd4 Be7 9. Be3 Nf6 10. f3 c5 11. Nb3 b6 12. N1d2 Bb7 13. a4 a5 14.
Nc4 Qe6 15. Na3 Nd7 16. Nb5 O-O-O 17. Bf4 Ne5 18. Qe1 g5 19. Bg3 f6 20. Qc3 Rd7 21.
Nd2 h5 22. Bxe5 fxe5 23. Nc4 Bf6 24. Rad1 Rd4 25. Nxd4 exd4 26. Qb3 Re8 27. Nd2 Ba6 28. Qxe6+ Rxe6 29. b3 Bxf1 30. Kxf1 Be5 31. g3 h4 32. Kg2 c6 33. Nc4 Bc7 34. Kh3 Kb7 35. Kg4 b5 36.
Nb2 Kb6 37. Kf5 Re5+ 38. Kf6 Re8 39. Rg1 Rf8+ 40. Kxg5 hxg3 41. hxg3 Rxf3 42. Rg2 Rxg3+ 43. Rxg3 Bxg3 44. Kf5 c4 45. bxc4 Kc5 46. cxb5 cxb5 47. axb5 Kxb5 48. e5 a4 49. e6 Bd6 50. Nxa4 Kxa4 51.
Ke4 Kb5 52. Kxd4 Kc6 53. e7 Bxe7 54. c4 Bc5+ 55. Ke4 Bb6 56. Kf5 Bc5 57. Kg6 Bd6 58.
c5 Kxc5 1/2-1/2

[Event "Early-Titled-Tuesday-Blitz-January-30-2024"]
[Site "Chess.com"]
[Date "2024.01.30"]
[Round "1"]
[White "HamedWafa4"]
[Black "Yurasova_Daria"]
[Result "1-0"]
[WhiteElo "2807"]
[BlackElo "2454"]
[TimeControl "180+1"]
[EndTime "8:08:15 PST"]
[Termination "HamedWafa4 won by resignation"]

1. e4 e5 2. Nf3 Nc6 3. Bb5 a6 4. Ba4 Nf6 5. O-O b5 6. Bb3 Bc5 7.
Nxe5 Nxe5 8. d4 Bxd4 9. Qxd4 d6 10. c3 c5 11. Qe3 O-O 12. Nd2 Bb7 13. f4 Ng6 14.
Bc2 Re8 15. Re1 Nd5 16. Qf3 Ndxf4 17. Nf1 Ne6 18. Ng3 Ne5 19. Qf2 c4 20. Nf5 Nc5 21.
Qg3 Qf6 22. Bg5 Qg6 23. Ne7+ Rxe7 24. Bxe7 Qe6 25. Bg5 Re8 26. Re2 Ncd3 27. b4 Qg6 28. Bf4 Bxe4 29. Qxg6 Bxg6 30. Bg3 f6 31. a4 d5 32.
axb5 axb5 33. Ra5 Rb8 34. Rd2 h5 35. Ra6 Kh7 36. Bf2 Rb7 37. Bd4 Be4 38. h3 Nf7 39. Bd1 Kh6 40. Bf3 Ng5 41. Be2 Bg6 42. Ra8 Ne4 43.
Rda2 Bh7 44. Rd8 Nf4 45. Bf3 Nd3 46. Rxd5 Nc1 47. Ra8 Nb3 48. Rh8 Ng5 49. Be3 Re7 50.
Bxg5+ fxg5 51. Rd6+ g6 52. Rb6 Re1+ 53. Kh2 Re3 54.
Rb7 1-0

[Event "Early-Titled-Tuesday-Blitz-January-30-2024"]
[Site "Chess.com"]
[Date "2024.01.30"]
[Round "1"]
[White "SahibSinghKnight"]
[Black "flomarechot"]
[Result "1-0"]
[WhiteElo "2657"]
[BlackElo "2334"]
[TimeControl "180+1"]
[EndTime "8:08:17 PST"]
[Termination "SahibSinghKnight won by resignation"]

1. e4 d6 2. d4 Nf6 3. Nc3 e5 4.
Nf3 Nbd7 5. Bc4 Be7 6. O-O O-O 7. Re1 c6 8. a4 b6 9. h3 a6 10. d5 cxd5 11. Nxd5 Bb7 12. b3 Nxd5 13. Bxd5 Bxd5 14. Qxd5 Qc7 15. c4 h6 16. Ba3 Rab8 17. Rad1 Nc5 18. Bxc5 bxc5 19. Qd3 Rb4 20. Qc2 Rfb8 21. Rd3 Qb6 22. Ree3 h5 23. h4 g6 24. g3 Bf8 25.
Rc3 a5 26. Red3 Bh6 27. Qd1 Bf8 28. Nd2 Qc7 29. Nb1 R8b6 30. Na3 Qe7 31. Nb5 Qf6 32. Rf3 Qe7 33. Rcd3 Bg7 34. Rxd6 Rxd6 35. Qxd6 Bf8 36.
Qxe7 Bxe7 37. Kf1 Kg7 38. Ke2 Kf8 39. Kd1 Ke8 40. Kc2 Kd7 41. Rd3+ Ke6 42. Rd5 f5 43. f3 f4 44. gxf4 exf4 45. Rd3 Bxh4 46. Nc7+ Kf6 47. Nd5+ Ke5 48. Nxb4 axb4 49. Rd5+ Ke6 50.
Rxc5 Bf2 51. Rd5 h4 52. Rd2 Bg3 53. a5 h3 54. a6 h2 55. Rxh2 Bxh2 56. a7 1-0

[Event "Early-Titled-Tuesday-Blitz-January-30-2024"]
[Site "Chess.com"]
[Date "2024.01.30"]
[Round "1"]
[White "VinzentSpitzl"]
[Black "carloseduar100"]
[Result "1-0"]
[WhiteElo "2619"]
[BlackElo "2278"]
[TimeControl "180+1"]
[EndTime "8:08:17 PST"]
[Termination "VinzentSpitzl won by resignation"]

1. e4 e6 2. d4 d5 3. Nd2 Nf6 4.
e5 Nfd7 5. Bd3 c5 6. c3 Nc6 7.
Ne2 f6 8. exf6 Nxf6 9. Nf3 cxd4 10. cxd4 Bd6 11. O-O O-O 12. Bf4 a6 13. Qd2 Qc7 14. Bxd6 Qxd6 15. Rac1 Bd7 16. h3 Rae8 17. Rfe1 Bc8 18.
Bb1 g6 19. a3 e5 20. dxe5 Nxe5 21. Nxe5 Rxe5 22. Nd4 Ne4 23. Bxe4 dxe4 24. Qe3 Qb6 25. Rc2 Rd8 26. Rd2 Red5 27. Red1 Qf6 28. Qxe4 b5 29. Qe3 Bb7 30. Nf3 Kg7 31. Rxd5 Rxd5 32.
Rxd5 Bxd5 33. Ne5 h5 34. f3 Be6 35. Qd4 g5 36. Nc6 Qxd4+ 37. Nxd4 Bc4 38. Kf2 Kf6 39. Ke3 Ke5 40. Nc6+ Kd6 41. Nd4 Ke5 42. g3 Bf1 43. h4 gxh4 44. gxh4 Kd5 45. f4 Bh3 46. b3 Bg4 47. Nc2 Bd1 48. Nb4+ Ke6 49. Nxa6 Bxb3 50. Nc5+ Kf5 51. Nxb3 Kg4 52. Ke4 Kxh4 53. Nd2 Kg4 54.
Nf3 h4 55. Nxh4 Kxh4 56. f5 Kg5 57. Ke5 Kh6 58. Ke6 Kg7 59. Ke7 Kh7 60. f6 Kg6 61. f7 Kf5 62. f8=Q+ Ke4 63. Qb8 Kd5 64. Qxb5+ 1-0

[Event "Early-Titled-Tuesday-Blitz-January-30-2024"]
[Site "Chess.com"]
[Date "2024.01.30"]
[Round "1"]
[White "aksuliini1"]
[Black "sergoy"]
[Result "1/2-1/2"]
[WhiteElo "2527"]
[BlackElo "2957"]
[TimeControl "180+1"]
[EndTime "8:08:18 PST"]
[Termination "Game drawn by repetition"]

1. e4 c5 2. Nf3 d6 3. d4 cxd4 4. Nxd4 Nf6 5. Nc3 a6 6. h3 e5 7. Nf3 Be7 8. g4 h6 9. Rg1 g5 10. Bc4 b5 11. Bb3 Nbd7 12. Nd5 Nc5 13. Nxf6+ Bxf6 14.
Bd5 Rb8 15. Be3 Qc7 16. Qe2 Na4 17. O-O-O Nb6 18. Bxb6 Qxb6 19. Kb1 Ke7 20. Ne1 b4 21. Ng2 a5 22. Ne3 a4 23. Nc4 Qc5 24. Qe3 Qc7 25. Rd2 Ba6 26. b3 h5 27. Rgd1 hxg4 28. hxg4 Rh4 29. Qf3 Bxc4 30. Bxc4 Rb6 31. Qf5 Rc6 32. Bd5 Rb6 33. Bc4 Rh3 34. f3 Rh6 35. Rd5 Rc6 36.
R5d3 Kf8 37. R3d2 Kg7 38. Bd5 Rc3 39. Bc4 Rxc4 40. bxc4 Qxc4 41. Rxd6 b3 42. axb3 axb3 43. cxb3 Qxb3+ 44. Kc1 Qa3+ 45. Kb1 Qb4+ 46. Kc1 Qc5+ 47. Kb1 Be7 48. Rxh6 Qb4+ 49. Kc2 Qc4+ 50. Kd2 Bb4+ 51.
Ke3 Bc5+ 52. Kd2 Qd4+ 53. Kc2 Qc4+ 54. Kd2 Qb4+ 55. Kc2 Qa4+ 56. Kd2 Qd4+ 57. Kc2 Qc4+ 58. Kd2 1/2-1/2

[Event "Early-Titled-Tuesday-Blitz-January-30-2024"]
[Site "Chess.com"]
[Date "2024.01.30"]
[Round "1"]
[White "Aygehovit1992"]
[Black "Rosh1610"]
[Result "1-0"]
[WhiteElo "2691"]
[BlackElo "2371"]
[TimeControl "180+1"]
[EndTime "8:08:18 PST"]
[Termination "Aygehovit1992 won on time"]

1. e4 c5 2. Nf3 d6 3. d4 cxd4 4. Nxd4 Nf6 5. Nc3 a6 6. Bg5 e6 7. f4 Be7 8. Qf3 Qc7 9. O-O-O Nbd7 10. g4 h6 11. Bxf6 Bxf6 12. Qh3 Nb6 13. f5 e5 14. Nf3 g5 15. fxg6 fxg6 16. Nd5 Nxd5 17. exd5 h5 18. Qg2 hxg4 19. Nd2 Bg5 20. Kb1 Bf5 21.
Ne4 Be7 22. Be2 O-O-O 23. Bxg4 Kb8 24. h3 Rc8 25. Rhf1 Rhf8 26. b3 a5 27. a4 Qb6 28.
Kb2 Qb4 29. Bxf5 gxf5 30. Ng3 Rg8 31. Rd3 f4 32. c3 Qb6 33. Rff3 fxg3 34. Rxg3 Rxg3 35.
Rxg3 Rf8 36. Rf3 Rxf3 37. Qxf3 Qd8 38. b4 Qf8 39. Qe4 axb4 40. Qxb4 Qf2+ 41. Kb3 Qc5 42. Qe4 Bd8 43. h4 Ba5 44. Qd3 e4 45. Qxe4 Qxc3+ 46.
Ka2 Qd2+ 47. Kb3 Qc3+ 48. Ka2 1-0

[Event "Early-Titled-Tuesday-Blitz-January-30-2024"]
[Site "Chess.com"]
[Date "2024.01.30"]
[Round "1"]
[White "DishonorOnYourCow"]
[Black "lachesisQ"]
[Result "1/2-1/2"]
[WhiteElo "2553"]
[BlackElo "3138"]
[TimeControl "180+1"]
[EndTime "8:08:19 PST"]
[Termination "Game drawn by repetition"]

1. d4 f5 2. c4 Nf6 3. g3 g6 4. Bg2 Bg7 5. Nh3 O-O 6. Nf4 d6 7. d5 c6 8. O-O Na6 9. Nc3 e5 10. dxc6 bxc6 11. Bxc6 Rb8 12. Nfd5 Be6 13. Bg5 Rxb2 14.
Bb5 Nc5 15. Qc1 Rxb5 16. cxb5 f4 17. Qd2 Bh3 18. Rfd1 Qa8 19. Bxf6 Bxf6 20. Nxf6+ Rxf6 21. Qd5+ Qxd5 22. Nxd5 Rf7 23. a4 fxg3 24. hxg3 Nb3 25. Ra2 Be6 26. a5 Nd4 27. e4 Nxb5 28. Rb2 Nd4 29.
a6 Bg4 30. Rdb1 Bf3 31. Rb8+ Kg7 32. Nc3 Ne2+ 33. Nxe2 Bxe2 34. Ra1 Bd3 35. Ra4 Bc2 36. Rab4 Bd3 37. R8b7 Bxa6 38. Rxf7+ Kxf7 39. Ra4 Bd3 40. Rxa7+ Kf6 41. f3 h5 42. Kf2 Bc2 43. Ke3 Bd1 44.
Ra6 Ke6 45. Ra8 Kf6 46. Rf8+ Ke7 47. Ra8 Bb3 48. Ra7+ Kf6 49. Rb7 Bc4 50. Rb6 Ke6 51.
Rb8 Bf1 52. Rg8 Kf7 53. Rb8 Ke6 54. Re8+ Kf6 55. Rb8 Bc4 56. Rc8 Be6 57. Rd8 Ke7 58. Ra8 Bf7 59. Ra7+ Kf6 60. f4 exf4+ 61. gxf4 Be6 62.
Kf3 h4 63. Rh7 h3 64. Rh8 Kg7 65. Re8 Kf7 66. Rd8 Ke7 67. Ra8 d5 68. Ra7+ Kf6 69. exd5 Bxd5+ 70. Kg3 Bg2 71. Ra5 Ke6 72. Rg5 Kf6 73.
Kh2 Bf1 74. Kg3 Bg2 75. Kh2 Bf1 76. Kg3 Kf7 77. Kh2 Kf6 1/2-1/2

[Event "Early-Titled-Tuesday-Blitz-January-30-2024"]
[Site "Chess.com"]
[Date "2024.01.30"]
[Round "1"]
[White "ChessSkool"]
[Black "inagreV"]
[Result "1-0"]
[WhiteElo "2697"]
[BlackElo "2375"]
[TimeControl "180+1"]
[EndTime "8:08:21 PST"]
[Termination "ChessSkool won by checkmate"]

1. d4 Nf6 2. Nf3 d5 3. c3 c6 4. Qc2 g6 5. h3 Bf5 6. Qb3 Qb6 7. Bf4 Nbd7 8. Nbd2 Bg7 9. g4 Be4 10. g5 Nh5 11.
Bh2 O-O 12. e3 Rfe8 13. Nxe4 dxe4 14. Nd2 e5 15. Bg2 exd4 16. cxd4 Qxb3 17. axb3 f5 18. gxf6 Nhxf6 19. Ke2 a6 20. h4 Nb6 21. Be5 Nbd5 22.
Ra5 Rad8 23. Rh3 Rd7 24. Rg3 Nh5 25. Rg5 Bxe5 26. Rxe5 Rxe5 27. dxe5 Re7 28. Bxe4 Rxe5 29. Ke1 Nhf6 30. Bf3 Nf4 31. Ra4 Nd3+ 32. Ke2 Nc5 33. Rd4 Kf7 34. Rd8 Ke7 35. Rb8 Kd7 36. b4 Kc7 37. Rh8 Ne6 38. Nc4 Nd4+ 39. Kd3 Nxf3 40.
Nxe5 Nxe5+ 41. Kc3 Nd5+ 42. Kd4 Nf3+ 43. Ke4 Nd2+ 44.
Kd3 Nf3 45. Rxh7+ Kb6 46. Ke4 Nd2+ 47. Ke5 Nxb4 48. Kf6 c5 49. Kxg6 c4 50. h5 Nd5 51.
h6 Ne4 52. Rh8 a5 53. Re8 Nef6 54. Re6+ Kc5 55. Rxf6 Nxf6 56. Kxf6 c3 57. bxc3 a4 58. h7 a3 59. h8=Q a2 60. Qh1 Kc4 61. Qa1 Kb3 62. Ke5 b5 63. f4 Ka3 64. f5 b4 65. cxb4 Kb3 66. f6 Kc4 67. b5 Kxb5 68. f7 Kc6 69.
Qxa2 Kc5 70. Qc2+ Kb4 71. f8=Q+ Kb5 72. Qb8+ Ka6 73. Qa2# 1-0

[Event "Early-Titled-Tuesday-Blitz-January-30-2024"]
[Site "Chess.com"]
[Date "2024.01.30"]
[Round "1"]
[White "Matibar"]
[Black "Zheenbekov86"]
[Result "1-0"]
[WhiteElo "2802"]
[BlackElo "2449"]
[TimeControl "180+1"]
[EndTime "8:08:22 PST"]
[Termination "Matibar won on time"]

1. e4 c6 2. Ne2 d5 3. e5 g6 4. d4 Bg7 5. c3 c5 6. Be3 Nc6 7. Nd2 cxd4 8. cxd4 f6 9. exf6 Nxf6 10. h3 O-O 11. Nf3 Ne4 12. Nc3 Nxc3 13. bxc3 Qa5 14.
Qb3 Kh8 15. Be2 e5 16. dxe5 Nxe5 17. Nxe5 Bxe5 18. Rc1 d4 19. Bd2 dxc3 20. Bxc3 Bxc3+ 21. Qxc3+ Qxc3+ 22. Rxc3 Be6 23. a3 Rac8 24. Rxc8 Rxc8 25. Kd2 Kg7 26. Rb1 b6 27. Rb4 Kf6 28. f4 Rc5 29. g4 Ra5 30. a4 Ke7 31. Bb5 Kd6 32.
Kc3 a6 33. Bd3 Kc5 34. Re4 Bd5 35. Re7 Rxa4 36. Rxh7 Rxf4 37. Bxg6 b5 38. Rc7+ Kb6 39. Rd7 b4+ 40. Kd2 Kc5 41. Bf5 b3 42. h4 Rf2+ 43. Ke3 Rf3+ 44. Kd2 b2 45. Kc2 Rf2+ 46. Kb1 a5 47. Rc7+ Kd4 48. Rc2 Rf1+ 49. Kxb2 a4 50. Rd2+ Kc5 51. h5 Bc4 52. h6 Kb4 53. h7 a3+ 54. Kc2 1-0

[Event "Early-Titled-Tuesday-Blitz-January-30-2024"]
[Site "Chess.com"]
[Date "2024.01.30"]
[Round "1"]
[White "Grandelicious"]
[Black "Sjakkerntobi"]
[Result "1/2-1/2"]
[WhiteElo "2914"]
[BlackElo "2514"]
[TimeControl "180+1"]
[EndTime "8:08:23 PST"]
[Termination "Game drawn by repetition"]

1. Nf3 d5 2. e3 Nf6 3. c4 e6 4. b3 c5 5. Bb2 Nc6 6. cxd5 exd5 7. Be2 Be7 8. O-O O-O 9. d4 Ne4 10. dxc5 Bxc5 11. Nc3 Be6 12. Rc1 Bb6 13. Na4 Bc7 14. Nd4 Nxd4 15. Qxd4 Nf6 16. Qh4 Ne4 17. Qxd8 Bxd8 18.
Ba3 Re8 19. f3 Bg5 20. f4 Bf6 21. Bb5 Rec8 22. f5 Rxc1 23. Bxc1 Bc8 24. Bd3 Bd7 25. Bxe4 dxe4 26. Nc5 Bc6 27. Rd1 Rd8 28. Rxd8+ Bxd8 29. b4 Be7 30. Kf2 a5 31. Bd2 b6 32. Na6 Bb7 33.
Nb8 Bxb4 34. Bxb4 axb4 35. Nd7 Bd5 36. Nxb6 Bxa2 37. Kg3 Bb1 38. Kf4 Bd3 39. Ke5 Kf8 40. Kd4 b3 41. Kc3 Bc2 42. Nd5 Ke8 43. f6 g6 44. Nb4 Kd7 45. g4 g5 46. Nxc2 bxc2 47. Kxc2 Ke6 48. Kc3 Kxf6 49. Kd4 Ke6 50. Kxe4 Kf6 51.
Kd5 Kg6 52. Ke5 f6+ 53. Ke6 Kg7 54. e4 Kg6 55. Ke7 Kg7 56. h3 h6 57. Ke6 Kg6 58. e5 fxe5 59. Kxe5 Kg7 60. Kd6 Kf6 61. Kd5 Kf7 62.
Ke5 Ke7 63. Kf5 Kf7 64. Ke4 Ke6 65. Kd4 Kd6 66. Ke4 Ke6 67. Kd4 Kd6 68. Ke4 Ke6 1/2-1/2

[Event "Early-Titled-Tuesday-Blitz-January-30-2024"]
[Site "Chess.com"]
[Date "2024.01.30"]
[Round "1"]
[White "chito89"]
[Black "ErikRonka"]
[Result "1-0"]
[WhiteElo "2889"]
[BlackElo "2494"]
[TimeControl "180+1"]
[EndTime "8:08:24 PST"]
[Termination "chito89 won on time"]

1. e4 c5 2. Nf3 e6 3. g3 d5 4. exd5 exd5 5. Bg2 Qe7+ 6. Kf1 Nc6 7. d4 Nf6 8. Nc3 h6 9. dxc5 Qxc5 10. Be3 Qc4+ 11. Qe2 Bb4 12. Qxc4 dxc4 13. Nd4 Ne7 14. Ndb5 O-O 15. Nc7 Rb8 16. Bxa7 Bf5 17. Bxb8 Rxb8 18. Rc1 g5 19. h4 Kg7 20. hxg5 hxg5 21. N7b5 Nc6 22. Bxc6 bxc6 23. Nd4 Bd7 24. Nf3 Bxc3 25. bxc3 Ne4 26. Kg2 Be6 27. Nd4 Bd5 28. f3 Nxc3 29.
Nf5+ Kf6 30. g4 Rb2 31. Rhe1 Nxa2 32. Ra1 Rxc2+ 33. Kg3 Nb4 34. Ra8 Be6 35. Nd4 Rd2 36.
Nxe6 fxe6 37. Rf8+ Ke7 38. Rg8 Rd5 39. Rg7+ Kd6 40.
Rg6 Nd3 41. Rexe6+ Kc5 42. Rxc6+ Kd4 43. Rgd6 c3 44.
Rxd5+ Kxd5 45. Rxc3 Kd4 46. Rxd3+ Kxd3 47. f4 Ke4 48.
fxg5 Ke5 49. Kh4 Ke6 50. Kh5 Kf7 51. Kh6 Kg8 52. Kg6 Kh8 53. Kf7 Kh7 54. g6+ Kh6 55. g7 1-0